 Dungeon Crawl Stone Soup version 0.26-a0-1184-g95e395e029 (webtiles) character file.

Game seed: 2980587778759869029

525 sanka the Insei (level 7, 59/59 HPs)
             Began as a Red Draconian Monk on Dec 27, 2020.
             Quit the game on level 4 of the Dungeon.
             The game lasted 00:06:27 (3183 turns).

sanka the Insei (Red Draconian Monk)                Turns: 3183, Time: 00:06:27

Health: 59/59      AC:  6    Str: 13    XL:     7   Next: 2%
Magic:  7/7        EV: 13    Int: 10    God:
Gold:   169        SH:  0    Dex: 16    Spells: 6/6 levels left

rFire    + . .     SeeInvis +     - Unarmed
rCold    . . .     Faith    .   (no shield)
rNeg     . . .     Spirit   .   (armour unavailable)
rPois    .         Reflect  .   (helmet restricted)
rElec    .         Harm     .   d - scarf {shadows}
rCorr    .         Rampage  .   (no gloves)
Will     .....                  (no boots)
Stlth    +++.......             (no amulet)
HPRegen  0.19/turn              o - ring of stealth
MPRegen  0.10/turn              j - ring of see invisible

@: no status effects
A: breathe fire, unfitting armour, fire resistance 1, cold-blooded, AC +6
a: Breathe Fire


You were on level 4 of the Dungeon.
You visited 1 branch of the dungeon, and saw 4 of its levels.

You collected 169 gold pieces.


Innate Abilities, Weirdness & Mutations

You can breathe blasts of fire.
Your fiery red scales are hard. (AC +6)
You cannot fit into any form of body armour.
Your flesh is heat resistant. (rF+)
You are cold-blooded and may be slowed by cold attacks.


   Skills:
 - Level 4.0 Fighting
 - Level 2.6 Dodging
 - Level 1.7 Stealth
 + Level 7.8 Unarmed Combat


You had 6 spell levels left.
You didn't know any spells.
Your spell library was empty.

Inventory:

Missiles
 r - 2 throwing nets {=f}
Armour
 d - a scarf of shadows (worn)
Magical Staves
 n - an uncursed staff of air
Jewellery
 j - a ring of see invisible (right hand)
 o - a ring of stealth (left hand)
Scrolls
 a - 2 scrolls of fear {unknown}
 g - a scroll of blinking {unknown}
 l - 3 scrolls of identify {unknown}
 m - a scroll of enchant armour {unknown}
 p - 2 scrolls of teleportation {unknown}
 q - 2 scrolls of remove curse {unknown}
Potions
 b - a potion of brilliance {unknown}
 c - a potion of experience {unknown}
 e - a potion of lignification {unknown}
 f - a potion of curing {unknown}
 h - 2 potions of heal wounds {unknown}
 i - a potion of magic {unknown}
 k - a potion of might {unknown}

Dungeon Overview and Level Annotations

Branches:
Dungeon (4/15)
 Temple: D:4-7

Altars:
Dithmenos
Fedhas
Gozag
Hepliaklqana
Sif Muna
Wu Jian
The Shining One

Annotations:
D:2 Sigmund
D:4 1 runed translucent door, Crazy Yiuf

###▒▒▒ ▒..
▒▒▒▒..▒▒▒▒▒▒▒▒▒▒▒ ▒▒.
...............▒▒▒▒▒.
▒▒............▒▒.▒▒▒
▒...........▒▒...▒▒
▒...........▒......
▒...........▒.....▒
▒..▒▒▒▒▒▒.........▒
▒.d▒ ▒...▒▒...▒▒
+.....+ ▒...▒▒▒.▒▒▒
▒.....▒ ▒....▒▒▒▒ .
▒.....▒ ▒.....▒▒ .
▒..)..▒ ▒......▒
▒.....▒ ▒......▒
+..▒▒▒▒▒▒▒▒▒......▒
▒.......▒......▒
▒.⌠(⌠.⌠.▒......▒


There were no monsters in sight!


Message History

The worker ant completely misses you.
You closely miss the worker ant.
The worker ant is heavily wounded.
You hit the worker ant.
Your tail-slap misses the worker ant.
You punch the worker ant, but do no damage.
The worker ant is severely wounded.
The worker ant closely misses you.
You hit the worker ant but do no damage.
The worker ant is severely wounded.
The worker ant barely misses you.
You hit the worker ant.
The worker ant is almost dead.
The worker ant barely misses you.
You closely miss the worker ant.
The worker ant is almost dead.
The worker ant closely misses you.
You closely miss the worker ant.
The worker ant is almost dead.
The worker ant misses you.
You hit the worker ant.
You kill the worker ant!
You have reached level 7!
Your scales start taking on a fiery red colour.
You learn Fire Magic much quicker.
You learn Ice Magic much slower.
You can breathe blasts of fire.
You feel resistant to heat.
Unknown command.
Are you sure you want to abandon this character and quit the game? (Confirm with "yes".)

Action                   |  1- 3 |  4- 6 |  7- 9 || total
-------------------------+-------+-------+-------++-------
Melee: Unarmed           |   105 |   196 |       ||   301
       Tailslap          |    12 |    36 |       ||    48
       Punch             |     1 |     6 |       ||     7
 Stab: Sleeping          |     5 |     5 |       ||    10
Armor: Skin              |    31 |    62 |       ||    93
Dodge: Dodged            |    89 |   160 |       ||   249

Levels and vault maps discovered:
D:1:      matt_arrival_diagonals, layout_basic
D:2:      layout_loops_ring, uniq_sigmund
D:3:      layout_rooms, riverfiend_overflow_shadow_ancestor,
          nicolae_overflow_crystal_walls, grunt_temple_overflow_open
D:4:      layout_gridville, general_overflow_altar,
          nicolae_qazlal_eye_of_the_storm, grunt_ministairs_3, roderic_batcave,
          fedhas_ov_isle_minmay, uniq_crazy_yiuf_cottage, uniq_blork_the_orc

Notes
Turn   | Place    | Note
-------+----------+-------------------------------------------
     0 | D:1      | sanka the Draconian Monk began the quest for the Orb.
     0 | D:1      | Reached XP level 1. HP: 19/19 MP: 1/1
    74 | D:1      | Reached skill level 4 in Fighting
    74 | D:1      | Reached XP level 2. HP: 21/27 MP: 2/2
   676 | D:2      | Reached XP level 3. HP: 32/33 MP: 3/3
   767 | D:2      | Reached skill level 4 in Unarmed Combat
  1249 | D:2      | Reached XP level 4. HP: 27/40 MP: 4/4
  1480 | D:2      | Noticed Sigmund
  1696 | D:3      | Found a hazy altar of Hepliaklqana.
  1696 | D:3      | Found a shadowy altar of Dithmenos.
  1722 | D:3      | Noticed a shadow
  1754 | D:3      | Found a glowing golden altar of the Shining One.
  1758 | D:3      | Found a shimmering blue altar of Sif Muna.
  1926 | D:3      | Found an opulent altar of Gozag.
  1936 | D:3      | Reached skill level 5 in Unarmed Combat
  2234 | D:4      | Reached XP level 5. HP: 24/46 MP: 5/5
  2611 | D:4      | Reached skill level 6 in Unarmed Combat
  2736 | D:4      | Reached XP level 6. HP: 44/52 MP: 6/6
  2853 | D:4      | Found a runed translucent door.
  2854 | D:4      | Noticed Crazy Yiuf
  2909 | D:4      | Found a blossoming altar of Fedhas.
  2967 | D:4      | Noticed Blork the orc
  3002 | D:4      | Reached skill level 7 in Unarmed Combat
  3014 | D:4      | Killed Blork the orc
  3056 | D:4      | Found an ornate altar of the Wu Jian Council.
  3183 | D:4      | Your scales start taking on a fiery red colour.
  3183 | D:4      | Reached XP level 7. HP: 59/59 MP: 7/7
  3183 | D:4      | Gained mutation: Your flesh is heat resistant. (rF+) [Red
                  | Draconian growth]
  3183 | D:4      | Quit the game

Vanquished Creatures
  Blork the orc (D:4)
  3 vampire bats (D:4)
  2 howler monkeys (D:4)
  5 worker ants (D:4)
  5 adders
  3 oozes
  3 dart slugs
  A leopard gecko (D:4)
  6 orcs
  4 giant cockroaches
  3 goblins
  6 hobgoblins
  6 jackals
  6 kobolds
  17 bats
  4 frilled lizards (D:1)
  A jackal skeleton (D:4)
  A leopard gecko skeleton (D:4)
  A quokka skeleton (D:3)
  3 rats (D:1)
81 creatures vanquished.
